 Dungeon Crawl Stone Soup version 0.26-a0-660-gc07710193c (webtiles) character file.

Game seed: 13488170731841824344

1319 heikuro the Poker (level 8, -6/64 HPs)
             Began as a Formicid Abyssal Knight on Oct 5, 2020.
             Was a Priest of Lugonu.
             Mangled by Pikel
             ... wielding a +2 whip of electrocution
              (11 damage)
             ... on level 6 of the Dungeon.
             The game lasted 00:14:38 (6334 turns).

heikuro the Poker (Formicid Abyssal Knight)         Turns: 6334, Time: 00:14:39

Health: -6/64      AC: 18    Str: 19    XL:     8   Next: 90%
Magic:  12/12      EV:  6    Int: 12    God:    Lugonu [***...]
Gold:   199        SH:  4    Dex: 12    Spells: 7/7 levels left

rFire    . . .     SeeInvis +   a - +1 spear
rCold    . . .     Faith    .   (no shield)
rNeg     . . .     Spirit   .   y - +0 plate armour (curse)
rPois    .         Reflect  .   (helmet unavailable)
rElec    .         Harm     .   e - +0 cloak
rCorr    .         Rampage  .   l - +0 pair of gloves
MR       .....                  v - +0 pair of boots
Stlth    ..........             (no amulet)
HPRegen  0.20/turn              (no ring)
MPRegen  0.13/turn              (no ring)

@: no status effects
A: permanent stasis, dig shafts and tunnels, four strong arms, antennae 3, icy
blue scales 1, large bone plates 1, agile 1
a: Dig, Shaft Self, Depart the Abyss, Bend Space, Banish, Renounce Religion


You were on level 6 of the Dungeon.
You worshipped Lugonu.
Lugonu was most pleased with you.
You visited 1 branch of the dungeon, and saw 6 of its levels.
You visited the Abyss 1 time.
You also visited: Sewer.

You collected 199 gold pieces.

Inventory:

Hand Weapons
 a - a +1 spear (weapon)
 z - a +0 spectral quarterstaff
Missiles
 b - 39 sling bullets
 d - 117 stones
 f - 4 javelins
 h - 19 poisoned darts (quivered)
 m - a throwing net
 n - 3 boomerangs
Armour
 e - a +0 cloak (worn)
 l - a +0 pair of gloves (worn)
 v - a +0 pair of boots (worn)
 y - a cursed +0 plate armour (worn)
Wands
 s - a wand of flame (24)
 A - a wand of digging (6)
Scrolls
 j - a scroll of enchant armour {unknown}
 k - 3 scrolls of fog
 o - a scroll of fear {unknown}
 q - a scroll of blinking {unknown}
 x - a scroll of remove curse
Potions
 c - a potion of resistance
 g - 3 potions of magic
 i - 2 potions of mutation
 p - a potion of brilliance
 r - 2 potions of might
 t - a potion of stabbing
 u - a potion of heal wounds
 w - a potion of lignification {unknown}


   Skills:
 + Level 6.0 Fighting
 * Level 6.7 Polearms
 + Level 5.3 Armour
 - Level 1.0 Dodging
 + Level 5.7 Invocations


You had 7 spell levels left.
You didn't know any spells.
Your spell library contained the following spells:

 Spells                   Type           Power        Failure   Level
 Freeze                   Ice            #...         100%        1
 Frozen Ramparts          Ice            #.....       100%        3
 Ozocubu's Armour         Ice            #.......     100%        3
 Hailstorm                Conj/Ice       #.......     100%        4
 Summon Ice Beast         Ice/Summ       #.......     100%        4


Dungeon Overview and Level Annotations

Branches:
Dungeon (6/15)              Sewer (visited)
 Temple: D:4-7

Altars:
Ashenzari
Nemelex Xobeh

Annotations:
D:6 3 runed translucent doors, Pikel; wellesgreysong's ghost, novice DECj


Innate Abilities, Weirdness & Mutations

You cannot be hasted, slowed, berserked, paralysed or teleported.
You can dig through walls and to a lower floor.
Your four strong arms can wield two-handed weapons with a shield.
You have a pair of large antennae on your head. (SInv)
You are partially covered in icy blue scales. (AC +2)
You are partially covered in large bone plates. (SH +4)
You are agile. (Dex +2)


Message History

You block Pikel's attack.
You hit Pikel but do no damage.
Pikel is severely wounded.
Pikel hits you but does no damage.
You are electrocuted!
You closely miss Pikel.
Pikel is severely wounded.
Pikel hits you but does no damage.
You hit Pikel.
Pikel is severely wounded.
Pikel hits you but does no damage.
You are electrocuted!
You barely miss Pikel.
Pikel is severely wounded.
You barely miss Pikel.
Pikel is severely wounded.
Pikel hits you but does no damage.
You are electrocuted!!
* * * LOW HITPOINT WARNING * * *
You closely miss Pikel.
Pikel is severely wounded.
Pikel hits you but does no damage.
You are electrocuted!
You die...

#.# ... #.# #.# {5 #.#
5. #.# { .K. .... #.#
.... ...... #@# .....
.....#####+####K##...{..
#...#.........55{...#
###...#.........####)##
⌠.##..#.........#
.#.##...........#
#K.$##..........#
K{.?##.####+##### { #K.
#..#


You could see Pikel and 2 lemures.

Vanquished Creatures
  An ice beast (D:5)
  2 sky beasts (D:5)
  A necrophage (D:5)
  A phantom (D:4)
  2 centaurs
  4 killer bees (D:4)
  A howler monkey (D:3)
  A centaur skeleton (D:5)
  A hound (D:3)
  A bullfrog skeleton (D:4)
  Crazy Yiuf (D:2)
  Jessica (D:2)
  2 orc wizards
  2 iguanas
  2 worker ants
  9 adders
  An ooze (D:3)
  2 worms
  A dart slug (D:1)
  A leopard gecko (D:3)
  12 orcs
  4 ball pythons (Sewer)
  6 bats
  8 giant cockroaches
  5 goblins
  9 hobgoblins
  16 jackals
  12 kobolds
  3 quokkas
  10 frilled lizards
  A leopard gecko zombie (D:5)
  A quokka skeleton (D:6)
  11 rats
135 creatures vanquished.

Vanquished Creatures (others)
  23 plants (Sewer)
23 creatures vanquished.

Grand Total: 158 creatures vanquished

Notes
Turn   | Place    | Note
-------+----------+-------------------------------------------
     0 | Abyss:1  | heikuro the Formicid Abyssal Knight began the quest for the
                  | Orb.
     0 | Abyss:1  | Reached XP level 1. HP: 18/18 MP: 2/2
    25 | Abyss:1  | Noticed a quicksilver dragon zombie
    34 | D:1      | Escaped the Abyss
    87 | D:1      | Reached skill level 1 in Dodging
    97 | D:1      | Reached XP level 2. HP: 21/24 MP: 3/3
   172 | D:1      | Reached * piety under Lugonu
   581 | D:1      | Reached XP level 3. HP: 21/29 MP: 4/4
  1263 | D:2      | Reached XP level 4. HP: 37/37 MP: 6/6
  1563 | D:2      | Noticed Jessica
  1566 | D:2      | Killed Jessica
  1566 | D:2      | Reached XP level 5. HP: 42/42 MP: 7/7
  2068 | D:2      | Found a runed translucent door.
  2069 | D:2      | Noticed Crazy Yiuf
  2086 | D:2      | Gained mutation: You are agile. (Dex +2) [potion of
                  | mutation]
  2086 | D:2      | Gained mutation: You are partially covered in large bone
                  | plates. (SH +4) [potion of mutation]
  2086 | D:2      | Gained mutation: You are partially covered in icy blue
                  | scales. (AC +2) [potion of mutation]
  2090 | D:2      | Killed Crazy Yiuf
  2396 | D:3      | Reached ** piety under Lugonu
  2994 | D:3      | Reached XP level 6. HP: 48/48 MP: 8/8
  3872 | D:4      | Reached *** piety under Lugonu
  3880 | D:4      | Found a glowing drain.
  3885 | Sewer    | Entered a sewer
  4164 | Sewer    | Reached XP level 7. HP: 55/55 MP: 10/10
  4664 | D:4      | Reached skill level 5 in Polearms
  4776 | D:4      | Reached skill level 5 in Fighting
  4819 | D:4      | HP: 1/56 [killer bee (3)]
  5292 | D:5      | Entered Level 5 of the Dungeon
  5326 | D:5      | Reached XP level 8. HP: 55/62 MP: 11/11
  5342 | D:5      | Reached skill level 5 in Invocations
  5408 | D:5      | Found a sparkling altar of Nemelex Xobeh.
  5489 | D:5      | Found a broken altar of Ashenzari.
  5853 | D:5      | Reached skill level 5 in Armour
  6220 | D:6      | Found a runed translucent gate.
  6220 | D:6      | Found a runed translucent gate.
  6220 | D:6      | Found a runed translucent gate.
  6221 | D:6      | Noticed wellesgreysong's ghost (novice DECj)
  6294 | D:6      | Noticed Pikel
  6334 | D:6      | Mangled by Pikel

Illustrated notes

Levels and vault maps discovered:
D:1:      psy_arrival_conway, layout_basic
D:2:      layout_basic, uniq_jessica, uniq_crazy_yiuf_cottage
D:3:      layout_basic, hex_intersection, grunt_ministairs_1
D:4:      layout_rooms, gup_sewer_entry_spiral
D:5:      layout_rooms, basic_altar, evilmike_ruin_ashenzari
D:6:      layout_basic, gammafunk_ghost_nasty_kobolds, minmay_ogre_servants,
          uniq_pikel, uniq_prince_ribbit1, uniq_eustachio

Skill      XL: |  1  2  3  4  5  6  7  8 |
---------------+-------------------------+-----
Dodging        | 1 |  1.0
Polearms       | 3 4 5 6 |  6.7
Invocations    | 3 4 5 |  5.7
Armour         | 3 4 5 |  5.3
Fighting       | 4 5 6 |  6.0

Action                   |  1- 3 |  4- 6 |  7- 9 || total
-------------------------+-------+-------+-------++-------
Melee: Spear             |   129 |   282 |   319 ||   730
       Quarterstaff      |       |       |    15 ||    15
Throw: Stone             |     7 |     7 |     2 ||    16
       Dart              |       |     2 |    34 ||    36
       Boomerang         |       |       |     2 ||     2
Invok: Depart the Abyss  |     1 |       |       ||     1
 Abil: Dig               |       |     1 |     2 ||     3
  Use: Scroll            |     2 |     5 |     3 ||    10
       Potion            |       |     3 |     1 ||     4
 Stab: Invisible         |       |     2 |       ||     2
Armor: Leather armour    |     9 |       |       ||     9
       Chain mail        |    38 |   103 |   112 ||   253
       Plate armour      |       |       |    57 ||    57
Dodge: Dodged            |    57 |    67 |    82 ||   206
Block: Other             |       |    33 |    36 ||    69

Table legend: (Time is in decaauts)
 A = Elapsed time spent in this place.
 B = Non-inter-level travel time spent in this place.
 C = Inter-level travel time spent in this place.
 D = Time resting spent in this place.
 E = Time spent auto-exploring this place.
 F = Levels seen in this place.
 G = Mean time per level.
                   A        B        C        D        E       F      G
               +--------+--------+--------+--------+--------+-----+--------+
         Total |   6399 |   6145 |    254 |   1543 |   2805 |   8 |  799.9 |
       Dungeon |   5657 |   5403 |    254 |   1443 |   2512 |   6 |  942.8 |
         Abyss |     34 |     34 |      0 |      0 |     24 |   1 |   34.0 |
         Sewer |    707 |    707 |      0 |    100 |    269 |   1 |  707.0 |
               +--------+--------+--------+--------+--------+-----+--------+

Top non-repeatable levels by time:
     D:2: 1320 daAuts
     D:3: 1264 daAuts
     D:4: 1086 daAuts
     D:1: 1034 daAuts
     D:5: 843 daAuts
   Sewer: 707 daAuts
     D:6: 108 daAuts
 Abyss:1: 34 daAuts
